General information
- name: BNet
- type: Ladder team game (AT/RT)
- host: Battle.net
- saver: DRAYENISAWESOME
map: Mur'gulOasis
- players: 8
- length: 16:00
- speed: Fast
- version: 1.24 W3XP
- replay type: Public
» download(113 KB)
Players
team 1 (loser)
am870910 (
purple | 58 APM | 867 actions | 15:03)
3 Archmage
2 Summon Water Elemental
1 Brilliance Aura
» actions
| Assign group hotkey | 9 | |
| Basic commands | 4 | |
| Build / train | 59 | |
| ESC pressed | 1 | |
| Enter build submenu | 9 | |
| Enter hero's abilities submenu | 3 | |
| Remove unit from queue | 5 | |
| Right click | 386 | |
| Select / deselect | 164 | |
| Select group hotkey | 185 | |
| Use ability | 42 | |
867 total
» units
» upgrades
» buildings
| Altar of Kings | 1 | |
| Farm | 3 | |
| Barracks | 1 | |
| Keep | 1 | |
| Arcane Vault | 1 | |
| Arcane Sanctum | 1 | |
8 total
» build order
00:06 Altar of Kings
00:09 Farm
00:34 Barracks
00:39 Farm
03:04 Farm
03:21 Keep
04:05 Arcane Vault
11:27 Arcane Sanctum
» items
| Lesser Clarity Potion | 1 | |
| Potion of Mana | 1 | |
2 total
Runek (
yellow | 82 APM | 1297 actions | 15:45)
5 Archmage
3 Summon Water Elemental
2 Brilliance Aura
3 Mountain King
2 Storm Bolt
1 Bash
2 Paladin
1 Holy Light
1 Divine Shield
» actions
| Assign group hotkey | 51 | |
| Basic commands | 114 | |
| Build / train | 59 | |
| Enter build submenu | 23 | |
| Enter hero's abilities submenu | 11 | |
| Right click | 505 | |
| Select / deselect | 303 | |
| Select group hotkey | 147 | |
| Use ability | 84 | |
1297 total
» units
| Peasant | 12 | |
| Footman | 6 | |
| Spell Breaker | 3 | |
| Gryphon Rider | 3 | |
| Knight | 1 | |
| Priest | 2 | |
27 total
» upgrades
| Defend | 1 | |
| Lumber Harvesting | 2 | |
| Masonry | 1 | |
| Animal War Training | 1 | |
| Storm Hammers | 1 | |
| Priest Training | 1 | |
7 total
» buildings
| Altar of Kings | 2 | |
| Farm | 9 | |
| Barracks | 1 | |
| Scout Tower | 1 | |
| Arcane Tower | 1 | |
| Lumber Mill | 1 | |
| Arcane Vault | 2 | |
| Keep | 1 | |
| Blacksmith | 1 | |
| Castle | 1 | |
| Arcane Sanctum | 2 | |
| Gryphon Aviary | 2 | |
24 total
» build order
00:04 Altar of Kings
00:08 Altar of Kings
00:10 Farm
00:23 Barracks
00:52 Farm
01:37 Scout Tower
01:56 Farm
02:05 Arcane Tower
03:08 Lumber Mill
03:21 Arcane Vault
04:05 Keep
05:34 Farm
05:36 Arcane Vault
05:37 Blacksmith
06:27 Farm
06:28 Castle
06:35 Arcane Sanctum
07:58 Farm
08:00 Gryphon Aviary
08:01 Gryphon Aviary
13:01 Farm
14:17 Farm
14:53 Farm
14:59 Arcane Sanctum
» items
| Scroll of Regeneration | 2 | |
| Lesser Clarity Potion | 1 | |
| Potion of Healing | 1 | |
| Staff of Sanctuary | 5 | |
9 total

»
DRAYENISAWESOME (
orange | 60 APM | 964 actions | 16:00)
4 Paladin
2 Holy Light
2 Divine Shield
2 Mountain King
1 Storm Bolt
1 Bash
» actions
| Assign group hotkey | 21 | |
| Basic commands | 14 | |
| Build / train | 41 | |
| Enter build submenu | 14 | |
| Enter hero's abilities submenu | 6 | |
| Give item / drop item | 3 | |
| Right click | 411 | |
| Select / deselect | 157 | |
| Select group hotkey | 253 | |
| Use ability | 44 | |
964 total
» units
| Peasant | 8 | |
| Footman | 8 | |
| Gryphon Rider | 6 | |
22 total
» buildings
| Altar of Kings | 1 | |
| Barracks | 1 | |
| Farm | 13 | |
| Scout Tower | 1 | |
| Arcane Tower | 1 | |
| Arcane Vault | 1 | |
| Keep | 1 | |
| Castle | 1 | |
| Lumber Mill | 1 | |
| Gryphon Aviary | 2 | |
| Blacksmith | 1 | |
24 total
» build order
00:13 Altar of Kings
00:24 Barracks
00:38 Farm
00:56 Farm
01:34 Farm
01:56 Scout Tower
02:29 Arcane Tower
02:58 Farm
03:11 Arcane Vault
03:55 Keep
07:05 Castle
07:11 Lumber Mill
08:02 Farm
08:02 Farm
08:03 Farm
08:04 Farm
08:37 Gryphon Aviary
08:38 Gryphon Aviary
10:38 Blacksmith
10:40 Farm
10:41 Farm
10:41 Farm
12:00 Farm
» items
| Scroll of Regeneration | 2 | |
| Lesser Clarity Potion | 1 | |
| Staff of Teleportation | 2 | |
| Scroll of Healing | 2 | |
| Potion of Lesser Invulnerability | 1 | |
8 total
UltimatuM (
red | 56 APM | 888 actions | 15:49)
4 Lich
2 Frost Nova
2 Dark Ritual
2 Crypt Lord
1 Impale
1 Spiked Carapace
» actions
| Assign group hotkey | 3 | |
| Build / train | 44 | |
| Enter build submenu | 11 | |
| Enter hero's abilities submenu | 7 | |
| Give item / drop item | 1 | |
| Remove unit from queue | 6 | |
| Right click | 519 | |
| Select / deselect | 219 | |
| Select group hotkey | 25 | |
| Use ability | 52 | |
888 total
» units
| Acolyte | 2 | |
| Ghoul | 7 | |
| Crypt Fiend | 10 | |
| Obsidian Statue | 2 | |
| Giant Sea Turtle | 1 | |
22 total
» upgrades
» buildings
| Crypt | 2 | |
| Ziggurat | 5 | |
| Altar of Darkness | 1 | |
| Tomb of Relics | 1 | |
| Graveyard | 1 | |
| Halls of the Dead | 1 | |
| Slaughterhouse | 1 | |
| Black Citadel | 1 | |
13 total
» build order
00:08 Crypt
00:11 Ziggurat
00:33 Altar of Darkness
01:14 Ziggurat
01:26 Tomb of Relics
02:34 Graveyard
03:41 Halls of the Dead
04:07 Ziggurat
06:40 Slaughterhouse
06:47 Ziggurat
10:48 Black Citadel
12:10 Crypt
12:55 Ziggurat
» items
| Rod of Necromancy | 1 | |
| Lesser Clarity Potion | 1 | |
| Scroll of Town Portal | 2 | |
| Potion of Healing | 1 | |
5 total
team 2 (winner)
flankster (
green | 29 APM | 462 actions | 16:00)
3 Shadow Hunter
1 Hex
2 Healing Wave
2 Tauren Chieftain
1 Endurance Aura
1 War Stomp
» actions
| Assign group hotkey | 5 | |
| Basic commands | 9 | |
| Build / train | 38 | |
| Enter build submenu | 14 | |
| Enter hero's abilities submenu | 5 | |
| Give item / drop item | 1 | |
| Remove unit from queue | 1 | |
| Right click | 155 | |
| Select / deselect | 84 | |
| Select group hotkey | 105 | |
| Use ability | 45 | |
462 total
» units
| Peon | 6 | |
| Grunt | 4 | |
| Tauren | 4 | |
| Shaman | 4 | |
18 total
» upgrades
» buildings
| Altar of Storms | 1 | |
| Orc Burrow | 7 | |
| Barracks | 1 | |
| Voodoo Lounge | 1 | |
| Stronghold | 1 | |
| War Mill | 1 | |
| Fortress | 1 | |
| Spirit Lodge | 1 | |
| Tauren Totem | 2 | |
16 total
» build order
00:14 Altar of Storms
00:22 Orc Burrow
00:54 Barracks
01:31 Orc Burrow
01:48 Voodoo Lounge
03:10 Stronghold
03:52 Orc Burrow
04:18 War Mill
05:49 Orc Burrow
06:24 Fortress
07:28 Orc Burrow
07:31 Spirit Lodge
09:20 Tauren Totem
09:23 Tauren Totem
10:24 Orc Burrow
11:32 Orc Burrow
» items
| Healing Salve | 3 | |
| Scroll of Speed | 3 | |
| Scroll of Town Portal | 1 | |
| Orb of Lightning | 1 | |
8 total
bobafret (
teal | 40 APM | 648 actions | 16:00)
3 Dreadlord
1 Sleep
2 Vampiric Aura
2 Death Knight
1 Death Coil
1 Unholy Aura
» actions
| Assign group hotkey | 42 | |
| Basic commands | 47 | |
| Build / train | 44 | |
| ESC pressed | 3 | |
| Enter build submenu | 12 | |
| Enter hero's abilities submenu | 5 | |
| Right click | 266 | |
| Select / deselect | 142 | |
| Select group hotkey | 43 | |
| Use ability | 44 | |
648 total
» units
| Acolyte | 5 | |
| Ghoul | 14 | |
| Necromancer | 6 | |
| Meatwagon | 4 | |
29 total
» upgrades
| Unholy Strength | 2 | |
| Unholy Armor | 1 | |
| Necromancer Training | 1 | |
| Exhume Corpses | 1 | |
| Skeletal Longevity | 1 | |
6 total
» buildings
| Ziggurat | 6 | |
| Altar of Darkness | 1 | |
| Crypt | 1 | |
| Graveyard | 1 | |
| Halls of the Dead | 1 | |
| Temple of the Damned | 2 | |
| Slaughterhouse | 1 | |
| Black Citadel | 1 | |
14 total
» build order
00:07 Ziggurat
00:09 Altar of Darkness
00:24 Crypt
00:52 Graveyard
01:38 Ziggurat
02:41 Ziggurat
03:48 Halls of the Dead
06:32 Temple of the Damned
06:36 Slaughterhouse
07:20 Temple of the Damned
11:38 Ziggurat
12:19 Ziggurat
12:21 Ziggurat
15:05 Black Citadel
GJ_GG (
blue | 76 APM | 1224 actions | 16:00)
4 Death Knight
2 Death Coil
2 Unholy Aura
3 Lich
2 Frost Nova
1 Frost Armor
» actions
| Assign group hotkey | 24 | |
| Basic commands | 75 | |
| Build / train | 44 | |
| Enter build submenu | 12 | |
| Enter hero's abilities submenu | 7 | |
| Give item / drop item | 1 | |
| Right click | 556 | |
| Select / deselect | 305 | |
| Select group hotkey | 161 | |
| Use ability | 37 | |
1224 total
» units
| Acolyte | 2 | |
| Ghoul | 4 | |
| Crypt Fiend | 15 | |
| Frost Wyrm | 2 | |
23 total
» upgrades
| Creature Attack | 1 | |
| Creature Carapace | 1 | |
| Web | 1 | |
3 total
» buildings
| Crypt | 1 | |
| Graveyard | 2 | |
| Ziggurat | 5 | |
| Altar of Darkness | 1 | |
| Tomb of Relics | 1 | |
| Halls of the Dead | 1 | |
| Black Citadel | 1 | |
| Sacrificial Pit | 1 | |
| Boneyard | 1 | |
14 total
» build order
00:12 Crypt
00:20 Graveyard
00:45 Ziggurat
01:02 Altar of Darkness
01:56 Tomb of Relics
02:08 Ziggurat
04:09 Halls of the Dead
07:32 Graveyard
08:59 Ziggurat
09:58 Black Citadel
10:00 Sacrificial Pit
12:22 Boneyard
13:27 Ziggurat
14:15 Ziggurat
» items
| Rod of Necromancy | 3 | |
| Potion of Mana | 2 | |
| Scroll of Town Portal | 1 | |
| Potion of Lesser Invulnerability | 1 | |
7 total
Convection (
pink | 29 APM | 465 actions | 16:00)
3 Death Knight
2 Death Coil
1 Unholy Aura
» actions
| Basic commands | 26 | |
| Build / train | 37 | |
| Enter build submenu | 15 | |
| Enter hero's abilities submenu | 3 | |
| Right click | 230 | |
| Select / deselect | 126 | |
| Use ability | 28 | |
465 total
» units
| Acolyte | 2 | |
| Ghoul | 4 | |
| Crypt Fiend | 15 | |
21 total
» upgrades
| Creature Attack | 3 | |
| Creature Carapace | 3 | |
| Web | 2 | |
| Burrow | 1 | |
| Ghoul Frenzy | 1 | |
10 total
» buildings
| Graveyard | 1 | |
| Ziggurat | 9 | |
| Altar of Darkness | 1 | |
| Crypt | 3 | |
| Halls of the Dead | 1 | |
| Black Citadel | 1 | |
| Tomb of Relics | 1 | |
17 total
» build order
00:12 Graveyard
00:19 Ziggurat
00:22 Altar of Darkness
01:15 Crypt
01:37 Ziggurat
01:49 Crypt
02:41 Ziggurat
03:09 Ziggurat
06:09 Halls of the Dead
08:17 Ziggurat
08:45 Crypt
08:56 Ziggurat
10:41 Black Citadel
10:47 Ziggurat
11:22 Tomb of Relics
13:09 Ziggurat
13:19 Ziggurat
Chat log
(00:14 / Allies) am870910: rush?
(00:19 / Allies) am870910: 3 humans?
(00:22 / Allies) UltimatuM: yeah
(00:24 / Allies) am870910: kk
(00:26 / Allies) am870910: meet at oj
(00:31 / Allies) am870910: get rods and heal scroll
(00:40 / Allies) Runek: we should split
(00:46 / Allies) am870910: na
(00:47 / Allies) DRAYENISAWESOME: no, we all meet at me
(00:52 / Allies) am870910: meet at oj
(00:56 / Allies) UltimatuM: 3 go hit top
(01:00 / Allies) UltimatuM: and ill hit bottom
(01:03 / Allies) UltimatuM: and kill his mine
(01:10 / Allies) am870910: y dont ya hit top and i hit bottom
(01:12 / Allies) am870910: im closer
(01:18 / Allies) UltimatuM: k
(01:20 / Allies) Runek: just split
(01:28 / Allies) am870910: get rods plz
(01:29 / Allies) am870910: all of u
(01:30 / Allies) UltimatuM: split doesnt work
(01:34 / Allies) Runek: omg yes it does
(01:37 / Allies) am870910: i distract
(01:39 / Allies) am870910: make them tp
(01:41 / Allies) UltimatuM: 3 to 1 does
(01:48 / Allies) UltimatuM: cuz then they all tp to base
(01:49 / Allies) Runek: all work
(01:51 / Allies) am870910: GET RODS
(01:53 / Allies) Runek: if the plays work
(01:54 / Allies) am870910: ALL OF U
(01:55 / Allies) UltimatuM: leaving them defenseless
(02:09 / Allies) am870910: if it doesnt work i tp or fall back
(02:12 / Allies) DRAYENISAWESOME: rods from who idiot
(02:12 / Allies) UltimatuM: all hit there
(02:21 / Allies) am870910: rods
(02:22 / Allies) am870910: shop
(02:41 / Allies) DRAYENISAWESOME: theres a cooldown you clown
(02:50 / Allies) am870910: yea
(02:56 / Allies) am870910: so get it now
(03:11 / Allies) am870910: im rassing
(03:14 / Allies) UltimatuM: meet
(03:24 / Allies) am870910: ud
(03:44 / Allies) Runek: get defend
(03:49 / Allies) am870910: am
(04:00 / Allies) am870910: y
(04:12 / Allies) am870910: yellow
(04:41 / Allies) Runek: b
(05:08 / Allies) Runek: 5
(05:18 / Allies) Runek: tp
(05:19 / Allies) UltimatuM: tp now
(05:45 / Allies) am870910: godl me
(05:54 / Allies) am870910: nice
(06:02 / Allies) am870910: gj oj
(06:11 / Allies) am870910: GOLD
(06:21 / Allies) am870910: love it
(06:26 / Allies) am870910: need fgold
(06:27 / Allies) am870910: lost peons
(06:33 / Allies) am870910: ty
(06:45 / Allies) DRAYENISAWESOME: i dont even care if we win or lose , im a former #1 rank rt player, you're clowns compared to me
(06:50 / Allies) am870910: b
(06:56 / Allies) am870910: LMAO
(06:58 / Allies) Runek: yhour defainlty not
(06:58 / Allies) Runek: you bad
(06:59 / Allies) UltimatuM: no hes fine
(07:01 / Allies) am870910: word
(07:04 / Allies) am870910: #1
(07:06 / Allies) am870910: right
(07:11 / Allies) am870910: proof?
(07:20 / Allies) Runek: i was trank 15 before rest
(07:22 / Allies) Runek: 35
(07:23 / Allies) DRAYENISAWESOME: if you dont know drayen then you're not oldschool
(07:34 / Allies) am870910: right
(08:03 / Allies) am870910: b
(08:16 / Allies) Runek: we are fucked
(08:25 / Allies) am870910: oj number one cuz he creeps
(08:57 / Allies) UltimatuM: brt
(09:12 / Allies) Runek: wow aorange
(09:42 / Allies) am870910: get dks
(10:00 / Allies) am870910: they suk
(10:31 / Allies) Runek: ornage your terrible
(10:34 / All) am870910: 3v4
(10:37 / Allies) Runek: no way are you rank 1
(10:37 / All) am870910: not bad
(11:07 / Allies) am870910: well im sure they got frosties otw
(11:07 / Allies) DRAYENISAWESOME: rape
(11:14 / Allies) am870910: need priests
(11:18 / Allies) Runek: organge go fuck yourself your bad
(11:30 / Allies) am870910: getting casters
(11:38 / Allies) am870910: focus on air yellow
(12:16 / Allies) am870910: getting poly dispel
(12:22 / Allies) am870910: some breakers
(13:24 / Allies) UltimatuM: ill take top one
(13:56 / Allies) UltimatuM: wtf
(13:59 / Allies) UltimatuM: why bs?
(14:12 / Allies) Runek: orange fucking serilu
(14:22 / All) DRAYENISAWESOME: im stabbing my team
(14:24 / All) DRAYENISAWESOME: letting u know
(14:30 / Allies) UltimatuM: orange fucking killed my heros
(14:41 / Allies) Runek: ornage wtf
(15:02 / All) Runek: Welll it is 5v3
(15:09 / All) DRAYENISAWESOME: im an oldscvhool pro
(15:10 / All) DRAYENISAWESOME: yellow
(15:11 / All) bobafret: lol
(15:13 / All) Runek: orage you realy are terrilbe
(15:17 / Allies) UltimatuM: enjoy your last game of wc3 orange
(15:18 / All) Runek: dude you fucking suck
(15:25 / All) DRAYENISAWESOME: owned yellow
(15:27 / All) DRAYENISAWESOME: absolute owned
(15:28 / All) DRAYENISAWESOME: guess what
(15:29 / Allies) UltimatuM: banned
(15:31 / All) DRAYENISAWESOME: im uploading this replay
(15:35 / All) DRAYENISAWESOME: and showing all my friends
(15:36 / All) DRAYENISAWESOME: me raping u
(15:38 / All) DRAYENISAWESOME: in battle
(15:48 / All) DRAYENISAWESOME: im an oldschool backstabber, i never lose